 Dungeon Crawl Stone Soup version 0.30-a0-782-ge64f9170bb (webtiles) character file.

Game seed: 7037217997642393442

1078 sanka the Grappler (level 8, -7/75 HPs)
             Began as a Troll Monk on Feb 23, 2023.
             Was a Believer of Okawaru.
             Mangled by a boulder beetle (17 damage)
             ... on level 6 of the Dungeon.
             The game lasted 00:04:57 (5093 turns).

sanka the Grappler (Troll Monk)                     Turns: 5093, Time: 00:04:58

Health: -7/75      AC:  4    Str: 20    XL:     8   Next: 8%
Magic:  8/10       EV: 13    Int:  6    God:    Okawaru [**....]
Gold:   333        SH:  0    Dex: 14    Spells: 7/7 levels left

rFire   . . .      SeeInvis .      - Unarmed
rCold   . . .      Faith    .    (no shield)
rNeg    . . .      Spirit   .    a - +0 robe
rPois   .          Reflect  .    (helmet restricted)
rElec   .          Harm     .    (no cloak)
rCorr   .          Rampage  .    (gloves unavailable)
Will    .....                    (boots unavailable)
Stlth   +++                      h - amulet of regeneration
HPRegen 1.92/turn                (no ring)
MPRegen 0.12/turn                (no ring)

@: heroic
A: large, unfitting armour, claws 3, regeneration 1, shaggy fur 1, tough skin 1
a: Renounce Religion, Heroism


You were on level 6 of the Dungeon.
You worshipped Okawaru.
Okawaru was pleased with you.
You visited 2 branches of the dungeon, and saw 7 of its levels.

You collected 333 gold pieces.


Innate Abilities, Weirdness & Mutations

You are too large for most types of armour.
You have claws for hands.
Your natural rate of healing is unusually fast.
You are covered in fur. (AC +1)
You have tough skin. (AC +1)


   Skills:
 - Level 3.0(8.0) Fighting
 - Level 2.4(7.4) Dodging
 - Level 1.0(6.0) Stealth
 + Level 8.4(13.4) Unarmed Combat
 + Level 4.3 Invocations


You had 7 spell levels left.
You didn't know any spells.
Your spell library contained the following spells:

 Spells                   Type           Power      Damage    Failure   Level
 Inner Flame              Hex/Fire       0%         N/A       83%         3
 Cause Fear               Hex            0%         N/A       99%         4
 Blade Hands              Tmut           0%         N/A       100%        5
 Iron Shot                Conj/Erth      0%         9d1       100%        6
 Discord                  Hex            0%         N/A       100%        8
 Animate Armour           Summ/Erth      Unusable   N/A       N/A         4

Inventory:

Missiles
 i - a throwing net {=f}
Armour
 a - a +0 robe (worn)
Jewellery
 h - an amulet of regeneration (around neck)
 s - a ring of fire
Scrolls
 c - a scroll of amnesia {unknown}
 d - a scroll of brand weapon {unknown}
 e - 2 scrolls of enchant armour {unknown}
 g - 8 scrolls of teleportation {unknown}
 j - 3 scrolls of poison {unknown}
 l - 3 scrolls of magic mapping {unknown}
 n - 2 scrolls of identify {unknown}
 o - 2 scrolls of torment {unknown}
 p - a scroll of noise {unknown}
 q - a scroll of fog {unknown}
 r - 2 scrolls of vulnerability {unknown}
 w - a scroll of blinking {unknown}
Potions
 b - a potion of ambrosia
 f - a potion of lignification {unknown}
 k - 2 potions of curing {unknown}
 m - a potion of berserk rage {unknown}
 t - a potion of haste {unknown}
 u - a potion of invisibility {unknown}
 v - a potion of attraction {unknown}

Dungeon Overview and Level Annotations

Branches:
Dungeon (6/15)             Temple (1/1) D:5

Altars:
Ashenzari
Cheibriados
Fedhas
Gozag
Hepliaklqana
Kikubaaqudgha
Makhleb
Nemelex Xobeh
Okawaru
Qazlal
Trog
Uskayaw
Vehumet
Wu Jian
Xom
Yredelemnul

Shops:
D:4 :

Annotations:
D:4 3 runed translucent doors, bmj180's ghost, amateur GrEE; sanka's ghost, amateur TrMo

...[.....B......▒▒▒▒▒▒▒▒.▒
..........☼............▒.▒▒▒▒▒
▒▒.▒▒.▒..▒▒▒....▒.......)..... ..
................▒▒.▒.▒▒▒▒▒
........>......▒...▒▒.▒.▒
▒.▒▒..................▒▒.▒.▒▒▒▒
▒.▒▒..▒.......................▒
▒.▒▒...........B▒.....▒▒.▒.▒▒.▒▒
▒▒.▒▒..▒........T......▒▒.▒......
.......................▒▒.▒.▒▒.▒.
................<.......▒.▒.▒▒.▒.
▒▒...............▒......▒.▒.▒▒.▒.
..........................▒.▒▒.▒.
▒▒..▒▒.▒......▒▒.................
........................†........
.................................
.........................▒▒......


You could see a boulder beetle.


Message History

A boulder beetle comes into view.
Found a chain mail.
You aren't carrying any items that you can evoke.
Okay, then.
The boulder beetle leaps!
The boulder beetle curls into a ball and begins rolling!
You scratch the boulder beetle.
The boulder beetle is lightly wounded.
The boulder beetle hits you!!!
Ouch! That really hurt!
* * * LOW HITPOINT WARNING * * *
The boulder beetle stops rolling and uncurls.
Unknown command.
Use which ability? (? or * to list)
You gain the combat prowess of a mighty hero.
The boulder beetle bites you!!
* * * LOW HITPOINT WARNING * * *
You scratch the boulder beetle but do no damage.
The boulder beetle is lightly wounded.
The boulder beetle closely misses you.
You scratch the boulder beetle.
The boulder beetle is lightly wounded.
The boulder beetle bites you!
* * * LOW HITPOINT WARNING * * *
You scratch the boulder beetle.
The boulder beetle is lightly wounded.
You claw the boulder beetle!
The boulder beetle is moderately wounded.
The boulder beetle bites you!
You die...

Action                     |  1- 3 |  4- 6 |  7- 9 || total
---------------------------+-------+-------+-------++-------
  Melee: Unarmed           |    66 |   128 |    66 ||   260
         Punch             |     1 |     5 |     1 ||     7
 Invoke: Heroism           |       |       |     1 ||     1
   Stab: Sleeping          |     4 |     3 |       ||     7
         Distracted        |       |     1 |       ||     1
 Armour: Robe              |    20 |    26 |    12 ||    58
  Dodge: Dodged            |    35 |    54 |    22 ||   111

Levels and vault maps discovered:
D:1:      amcnicky_arrival_choice, layout_basic, corexii_hall_statues_s,
          hangedman_feature_mirror
D:2:      layout_basic, basic_altar, shapermc_ecumenical_altar_gd, minivault_4
D:3:      layout_loops_cross, gammafunk_temple_overflow_forgotten, minivault_4
D:4:      layout_loops_ring, gammafunk_ghost_cemetery, minmay_curled_crystal,
          nicolae_shop_i_like_big_books, minmay_checkerbox
D:5:      layout_basic, makhleb_blood_cavern_becter, nicolae_uskayaw_suspiria,
          lemuel_tele_altar, minmay_temple_entry_trees, serial_curves,
          eino_curves_03, eino_curves_03, eino_curves_03
D:6:      layout_basic, mainiacjoe_overflow_alcove_4, minivault_5
Temple:   hellmonk_temple_beads

Notes
Turn   | Place    | Note
-------+----------+-------------------------------------------
     0 | D:1      | sanka the Troll Monk began the quest for the Orb.
     0 | D:1      | Reached XP level 1. HP: 22/22 MP: 0/0
   130 | D:1      | Reached skill level 3 in Fighting
   130 | D:1      | Reached XP level 2. HP: 25/31 MP: 1/1
   881 | D:2      | Reached XP level 3. HP: 37/37 MP: 2/2
  1014 | D:2      | Found an ornate altar of the Wu Jian Council.
  1019 | D:2      | Reached skill level 4 in Unarmed Combat
  1019 | D:2      | Found a faded altar of an unknown god.
  1023 | D:2      | Noticed a scorpion
  1030 | D:2      | Killed a scorpion
  1031 | D:2      | Reached XP level 4. HP: 36/45 MP: 3/3
  1039 | D:2      | Reached skill level 5 in Unarmed Combat
  1058 | D:2      | Reached XP level 5. HP: 51/53 MP: 4/4
  2221 | D:3      | Found an opulent altar of Gozag.
  2221 | D:3      | Found a broken altar of Ashenzari.
  2223 | D:3      | Found a blossoming altar of Fedhas.
  2478 | D:4      | Found a runed translucent gate.
  2480 | D:4      | Found a runed translucent gate.
  2480 | D:4      | Found a runed translucent gate.
  2481 | D:4      | Noticed bmj180's ghost (amateur GrEE)
  2481 | D:4      | Noticed sanka's ghost (amateur TrMo)
  2517 | D:4      | Reached skill level 6 in Unarmed Combat
  2819 | D:4      | Found Hicad's Tremendous Tomes.
  3146 | D:5      | Entered Level 5 of the Dungeon
  3207 | D:5      | Reached XP level 6. HP: 58/61 MP: 5/5
  3241 | D:5      | Found a stormy altar of Qazlal.
  3325 | D:5      | Found a burning altar of Makhleb.
  3569 | D:5      | Found a staircase to the Ecumenical Temple.
  3582 | Temple   | Entered the Ecumenical Temple
  3721 | Temple   | Became a worshipper of Warmaster Okawaru
  3721 | Temple   | Reached * piety under Okawaru
  3721 | Temple   | Reached ** piety under Okawaru
  3759 | D:5      | Reached skill level 1 in Invocations
  3974 | D:5      | Found a hide-covered altar of Uskayaw.
  4191 | D:6      | Noticed a water moccasin
  4196 | D:6      | Reached skill level 7 in Unarmed Combat
  4202 | D:6      | Killed a water moccasin
  4203 | D:6      | Reached skill level 2 in Invocations
  4203 | D:6      | Reached XP level 7. HP: 40/67 MP: 5/7
  4296 | D:6      | Found a hazy altar of Hepliaklqana.
  4325 | D:6      | Reached skill level 3 in Invocations
  4386 | D:6      | Reached skill level 8 in Unarmed Combat
  4484 | D:6      | Reached skill level 4 in Invocations
  4628 | D:6      | Reached XP level 8. HP: 75/75 MP: 10/10
  5071 | D:6      | Noticed a boulder beetle
  5091 | D:6      | HP: 7/75 [boulder beetle (11)]
  5093 | D:6      | Mangled by a boulder beetle

Vanquished Creatures
  A water moccasin (D:6)
  A sky beast (D:6)
  A centaur (D:6)
  2 bullfrogs (D:6)
  A necrophage (D:6)
  3 scorpions
  4 hounds
  3 jellies (D:6)
  3 iguanas
  6 adders
  A white imp (D:6)
  2 worms
  3 dart slugs
  4 orcs (D:6)
  9 endoplasms
  A giant cockroach (D:2)
  6 goblins
  7 hobgoblins
  4 jackals (D:4)
  6 quokkas
  7 ball pythons
  8 bats
  4 kobolds
  9 rats
96 creatures vanquished.

Vanquished Creatures (others)
  4 demonic plants (D:2)
  5 fungi (D:2)
  4 plants (D:2)
  6 withered plants (D:2)
19 creatures vanquished.

Grand Total: 115 creatures vanquished
